Map: Demoliendo vacíos

Players

VilugArZa

  • Race: Terran Terran

leonel

  • Race: Protoss Protoss
  • Spawn Location: 6:00

VOD

Have the link to the VOD?

Description

Time

  • Played on: March 13, 2025, 11:33 a.m.
  • Length: 20:01
Show
View Real Time Build Order
Export as new Build Order

VilugArZa Terran 

Build Orders:  

Get SALT Encoding   

  12  0:03  SCV  
  13  0:18  Supply Bunker  
  13  0:44  SCV  
  14  0:52  SCV  
  15  1:05  Refinery  
  15  1:09  Refinery  
  15  1:10  SCV  
  15  1:18  SCV  
  17  1:39  SCV  
  18  1:47  SCV  
  19  1:53  Command Center  
  19  2:08  Dominion Trooper x6, Supply Bunker  
  25  2:10  SCV  
  25  2:18  SCV  
  27  2:26  SCV  
  28  2:34  SCV  
  29  2:42  SCV  
  29  2:45  Supply Bunker  
  30  2:50  SCV  
  30  2:58  SCV  
  32  3:05  SCV  
  33  3:13  SCV  
  34  3:21  SCV, Barracks  
  34  3:29  SCV  
  36  3:37  SCV  
  37  3:49  SCV  
  38  3:57  SCV  
  38  3:59  Dominion Trooper  
  39  4:01  Dominion Trooper x6  
  39  4:02  Dominion Trooper  
  39  4:05  SCV  
  40  4:13  SCV  
  40  4:17  Command Center  
  41  4:21  SCV  
  41  4:22  SCV  
  41  4:29  SCV  
  44  4:30  SCV  
  44  4:37  SCV  
  44  4:38  SCV  
  47  4:40  Factory  
  47  4:45  SCV  
  47  4:46  SCV  
  49  4:52  SCV  
  49  4:54  SCV  
  49  4:57  Refinery  
  51  5:00  SCV  
  51  5:02  Refinery  
  51  5:03  SCV  
  51  5:08  SCV  
  54  5:30  Starport x2  
  54  5:47  SCV x2  
  56  5:55  SCV x2  
  58  6:04  SCV  
  58  6:05  SCV  
  58  6:09  Medivac x2  
  64  6:12  SCV  
  64  6:13  SCV  
  66  6:22  Supply Bunker  
  66  6:23  Supply Bunker  
  66  6:25  Supply Bunker  
  66  6:27  Supply Bunker  
  66  6:42  SCV x2, Medivac x2  
  66  6:45  Supply Bunker  
  72  6:50  SCV x2  
  72  6:58  SCV x2  
  76  7:05  Dominion Trooper  
  76  7:06  SCV x2, Dominion Trooper x4  
  76  7:07  Dominion Trooper x3  
  78  7:14  SCV x2  
  80  7:22  SCV x2  
  80  7:26  Armory  
  82  7:30  SCV x2, Engineering Bay  
  82  7:37  Engineering Bay  
  82  7:38  SCV x2  
  86  7:45  SCV x2  
  88  7:53  Imperial Witness  
  88  7:54  Imperial Witness  
  89  8:22  SCV x2  
  89  8:23  Medivac x2  
  95  8:30  SCV x2  
  95  8:36  Dominion Trooper x3  
  95  8:37  Dominion Trooper x3  
  95  8:38  SCV x2, Dominion Trooper x13  
  87  8:44  Medivac x2  
  87  8:46  SCV x2  
  93  8:54  SCV x2  
  95  9:02  SCV x2  
  95  9:05  Thor  
  105  9:10  SCV x2  
  105  9:15  Supply Bunker  
  105  9:16  Supply Bunker  
  105  9:18  SCV x2  
  105  9:19  Supply Bunker  
  109  9:26  SCV x2  
  111  9:34  SCV x2  
  113  9:42  SCV x2  
  115  9:50  SCV x2  
  115  9:57  SCV  
  115  9:58  SCV  
  119  10:01  Supply Bunker x2  
  119  10:04  Supply Bunker  
  119  10:05  SCV  
  119  10:06  SCV  
  121  10:13  SCV  
  121  10:14  SCV  
  121  10:16  Terran Infantry Weapons Level 1, Terran Infantry Armor Level 1  
  123  10:21  SCV  
  123  10:22  SCV  
  123  10:29  SCV x2  
  126  10:31  Dominion Trooper x3  
  126  10:32  Dominion Trooper x8  
  126  10:33  Dominion Trooper x15  
  126  10:35  SCV x24  
  126  10:36  SCV x2  
  126  10:37  SCV x2  
  126  10:38  SCV x7  
  129  11:00  SCV  
  129  11:01  SCV  
  129  11:08  SCV x2  
  133  11:16  SCV x2  
  117  11:24  Viking, SCV x2  
  121  11:32  SCV x2, Dominion Trooper  
  121  11:33  Dominion Trooper x3  
  121  11:34  Dominion Trooper x34  
  123  11:40  SCV x2  
  123  11:48  SCV x2  
  127  11:56  SCV x2  
  129  12:04  SCV x2  
  131  12:12  SCV x2  
  133  12:20  SCV x2  
  133  12:28  SCV  
  133  12:29  SCV  
  137  12:36  SCV x2  
  139  12:44  SCV x2  
  141  12:52  SCV  
  141  12:53  Thor  
  141  12:56  Neosteel Armor, Orbital Trooper Pods  
  149  13:27  SCV  
  151  13:35  SCV x2, Dominion Trooper  
  151  13:38  Dominion Trooper x4  
  151  13:39  Dominion Trooper x19  
  153  13:40  Dominion Trooper x3  
  153  13:43  SCV x2  
  155  13:51  SCV x2  
  155  13:56  Aim-assist Embrasures  
  155  13:59  SCV x2  
  159  14:07  SCV x2  
  161  14:15  SCV x2  
  163  14:22  SCV  
  163  14:23  SCV  
  128  14:30  SCV  
  117  14:42  SCV  
  117  14:43  SCV  
  102  14:50  SCV  
  102  14:51  SCV  
  102  14:55  Unknown x3  
  102  14:56  Unknown x5  
  102  14:57  Unknown x2  
  104  15:00  SCV  
  104  15:01  SCV  
  104  15:08  SCV  
  104  15:09  SCV  
  96  15:16  SCV  
  80  15:27  SCV x2  
  80  15:35  SCV x2  
  82  15:43  SCV x2, Dominion Trooper x2  
  82  15:44  Dominion Trooper x5  
  82  15:45  Dominion Trooper x24  
  82  15:46  Dominion Trooper x2  
  82  15:47  Dominion Trooper  
  84  15:51  SCV x2  
  84  15:59  SCV x2  
  88  16:07  SCV x2  
  90  16:15  SCV x2  
  92  16:23  SCV x2  
  92  16:26  Medivac x2  
  98  16:30  SCV  
  98  16:31  SCV  
  98  16:38  SCV  
  98  16:39  SCV  
  102  16:46  SCV x2  
  102  16:47  Medivac x2  
  108  16:54  SCV x2  
  110  17:02  SCV x2  
  110  17:08  Medivac  
  114  17:10  SCV x2  
  114  17:18  SCV x2  
  118  17:26  SCV x2, Dominion Trooper x6  
  118  17:27  Dominion Trooper x4  
  118  17:28  Dominion Trooper x15  
  120  17:34  SCV  
  121  17:46  SCV  
  121  17:47  SCV  
  123  17:54  SCV  
  123  17:55  SCV  
  123  17:58  Medivac x2  
  129  18:02  SCV  
  129  18:03  SCV  
  131  18:10  SCV  
  131  18:11  SCV  
  131  18:18  SCV  
  131  18:19  SCV  
  135  18:26  SCV  
  135  18:27  SCV  
  137  18:34  SCV  
  137  18:35  SCV  
  124  18:42  SCV x2  
  125  18:50  SCV x2  
  125  18:58  SCV x2  
  126  19:05  SCV  
  126  19:06  SCV  
  128  19:13  SCV  
  128  19:14  SCV  
  130  19:21  SCV  
  130  19:22  SCV  
  130  19:29  SCV  
  133  19:30  SCV  
  133  19:32  Dominion Trooper x5  
  133  19:33  Dominion Trooper x24  
  133  19:34  Dominion Trooper x4  
  133  19:37  SCV  
  133  19:38  SCV  
  136  19:45  SCV  
  136  19:46  SCV  
  138  19:53  SCV  
Show
View Real Time Build Order
Export as new Build Order

leonel Protoss 

Build Orders:  

Get SALT Encoding   

  12  0:19  Assimilator  
  12  0:24  Assimilator  
  12  1:10  Pylon  
  12  1:16  Pylon  
  13  1:20  Probe (Chrono Boost)  
  13  1:23  Mothership  
  13  1:31  Probe (Chrono Boost)  
  14  1:43  Probe (Chrono Boost)  
  15  1:54  Probe (Chrono Boost)  
  16  2:22  Probe (Chrono Boost)  
  17  2:52  Probe (Chrono Boost)  
  18  3:03  Probe (Chrono Boost)  
  19  3:38  Assimilator  
  19  4:02  Nexus  
  19  4:07  Assimilator  
  19  4:31  Probe (Chrono Boost)  
  20  4:42  Probe (Chrono Boost)  
  21  4:54  Probe (Chrono Boost)  
  22  5:05  Probe (Chrono Boost)  
  23  5:16  Probe (Chrono Boost)  
  24  5:27  Probe (Chrono Boost)  
  25  5:39  Probe (Chrono Boost)  
  26  5:41  Pylon  
  26  5:43  Pylon  
  27  5:50  Probe (Chrono Boost)  
  27  6:01  Probe (Chrono Boost)  
  27  6:07  Probe (Chrono Boost)  
  29  6:12  Probe (Chrono Boost)  
  29  6:19  Probe (Chrono Boost)  
  31  6:24  Probe (Chrono Boost)  
  33  6:30  Probe (Chrono Boost)  
  33  6:41  Probe (Chrono Boost)  
  34  7:12  Probe (Chrono Boost)  
  35  7:23  Probe (Chrono Boost)  
  35  7:24  Probe (Chrono Boost)  
  43  7:35  Probe x2 (Chrono Boost)  
  48  7:46  Probe x2 (Chrono Boost)  
  50  7:57  Pylon, Probe (Chrono Boost)  
  50  7:58  Probe (Chrono Boost)  
  50  7:59  Pylon  
  52  8:09  Probe (Chrono Boost)  
  54  8:20  Probe (Chrono Boost)  
  55  8:30  Probe (Chrono Boost)  
  55  8:31  Probe (Chrono Boost)  
  57  8:41  Probe (Chrono Boost)  
  57  8:53  Forge  
  57  8:54  Forge  
  57  9:00  Forge  
  57  9:32  Gateway  
  57  9:40  Pylon x2  
  57  9:43  Gateway  
  57  9:54  Pylon x2  
  57  10:11  Pylon  
  57  10:13  Pylon  
  51  12:17  Protoss Ground Weapons Level 1, Protoss Air Weapons Level 1  
  51  12:18  Protoss Air Armor Level 1, Protoss Shields Level 1, Protoss Ground Armor Level 1  
  51  12:27  Supplicant x2  
  73  12:54  Cybernetics Core  
  73  12:55  Supplicant x2  
  73  12:56  Cybernetics Core  
  73  12:58  Pylon  
  77  13:10  Pylon  
  77  13:11  Pylon  
  77  13:23  Supplicant x2  
  78  13:41  Supplicant x2  
  82  14:00  Supplicant x2  
  82  14:05  Death Council  
  82  14:08  Death Council, Robotics Facility  
  86  14:15  Havoc  
  86  14:17  Gateway  
  86  14:19  Gateway x2  
  86  14:24  Gateway  
  86  14:27  Gateway  
  84  14:40  Havoc  
  63  15:44  Telekinesis  
  63  15:47  Imposing Presence  
  63  15:48  Slayer  
  63  15:49  Supplicant x4  
  71  15:50  Havoc  
  71  15:51  Havoc  
  71  15:57  Slayer  
  75  16:10  Protoss Shields Level 2  
  75  16:13  Protoss Ground Armor Level 2, Protoss Air Armor Level 2  
  75  16:20  Protoss Ground Weapons Level 2, Protoss Air Weapons Level 2  
  75  16:25  Blood Shields  
  75  16:26  Phase Blink  
  75  16:29  Warp Prism  
  73  16:33  Bloodshard Resonance, Cloaking Module  
  94  17:11  Pylon  
  94  17:13  Pylon  
  94  17:14  Pylon  
  94  17:15  Pylon  
  94  17:16  Pylon  
  94  17:19  Pylon  
  94  17:22  Pylon  
  94  17:23  Pylon  
  94  17:25  Soul Augmentation  
  94  17:26  Phasing Armor  
  94  17:33  Detect Weakness  
  94  18:03  Warp Gate  
  94  18:24  Warp Prism  
  71  19:35  Supplicant x8  
  71  19:36  Supplicant x2  
Tags
 
Add a new tag
Caveats
  • Supply blocks, unpowered buildings, or Contaminate may cause inaccurate times.
  • Supply counts are checked every 10 seconds.